 Dungeon Crawl Stone Soup version 0.28.0-49-g6dfe1f597d (webtiles) character file.

Game seed: 16280955872344669081

135 issech the Thaumaturge (level 5, 0/37 HPs)
             Began as a Gnoll Wanderer on May 18, 2022.
             Slain by an orc
             ... wielding a +0 dagger
              (2 damage)
             ... on level 3 of the Dungeon.
             The game lasted 00:09:23 (2103 turns).

issech the Thaumaturge (Gnoll Wanderer)             Turns: 2103, Time: 00:09:24

Health: 0/37       AC:  3    Str:  8    XL:     5   Next: 18%
Magic:  2/16       EV: 15    Int: 16    God:
Gold:   133        SH:  0    Dex: 12    Spells: 18/22 levels left

rFire   . . .      SeeInvis .   a - +0 quarterstaff
rCold   . . .      Faith    .   (shield currently unavailable)
rNeg    . . .      Spirit   .   c - +0 robe
rPois   .          Reflect  .   (no helmet)
rElec   .          Harm     .   (no cloak)
rCorr   .          Rampage  .   (no gloves)
Will    .....                   b - +0 pair of boots
Stlth   ++........              (no amulet)
HPRegen 0.12/turn               (no ring)
MPRegen 0.15/turn               (no ring)

@: no status effects
A: fangs 1, strong nose, distributed training
a: no special abilities


You were on level 3 of the Dungeon.
You visited 1 branch of the dungeon, and saw 3 of its levels.

You collected 133 gold pieces.

Inventory:

Hand Weapons
 a - a +0 quarterstaff (weapon)
Missiles
 d - 13 sling bullets
 f - 22 arrows
 g - 22 bolts
 j - 56 stones
 l - 3 poisoned darts
Armour
 b - a +0 pair of boots (worn)
 c - a +0 robe (worn)
 e - an orb of light
Magical Staves
 o - a staff of poison
Scrolls
 h - 2 scrolls of identify {unknown}
 i - a scroll of blinking {unknown}
 m - a scroll of fear {unknown}
 n - a scroll of magic mapping {unknown}
 p - a scroll of teleportation {unknown}
Potions
 k - a potion of attraction {unknown}


   Skills:
 + Level 1.4 Fighting
 + Level 1.4 Short Blades
 + Level 1.4 Long Blades
 + Level 1.4 Axes
 + Level 1.4 Maces & Flails
 + Level 1.4 Polearms
 + Level 2.9 Staves
 + Level 1.4 Slings
 + Level 1.4 Bows
 + Level 1.4 Crossbows
 + Level 1.4 Throwing
 + Level 1.4 Armour
 + Level 8.6 Dodging
 + Level 1.4 Stealth
 + Level 1.4 Shields
 + Level 1.4 Unarmed Combat
 + Level 9.4 Spellcasting
 + Level 1.1 Conjurations
 + Level 1.1 Hexes
 + Level 1.1 Summonings
 + Level 1.1 Necromancy
 + Level 1.1 Translocations
 + Level 1.1 Transmutations
 + Level 1.1 Fire Magic
 + Level 1.1 Ice Magic
 + Level 1.1 Air Magic
 + Level 1.1 Earth Magic
 + Level 1.1 Poison Magic
 + Level 1.5 Invocations
 + Level 1.4 Evocations


You had 18 spell levels left.
You knew the following spells:

 Your Spells              Type           Power      Damage    Failure   Level
a - Foxfire               Conj/Fire      44%        2x1d6     6%          1
b - Blink                 Tloc           22%        N/A       10%         2
c - Shock                 Conj/Air       44%        1d5       6%          1

Your spell library contained the following spells:

 Spells                   Type           Power      Damage    Failure   Level
 Gell's Gravitas          Tloc           11%        N/A       19%         3
 Lesser Beckoning         Tloc           11%        N/A       19%         3
 Swiftness                Air            11%        N/A       19%         3
 Airstrike                Air            5%         N/A       52%         4


Dungeon Overview and Level Annotations

Branches:
Dungeon (3/15)

Altars:


Innate Abilities, Weirdness & Mutations

You have very sharp teeth.
Your uncanny sense of smell can sniff out nearby items.
Your experience applies equally to all skills.


Message History

Your Translocations skill increases to level 1!
Your Transmutations skill increases to level 1!
Your Fire Magic skill increases to level 1!
Your Ice Magic skill increases to level 1!
Your Air Magic skill increases to level 1!
Your Earth Magic skill increases to level 1!
Your Poison Magic skill increases to level 1!
Unknown command.
You miss the orc priest.
The orc priest is heavily wounded.
The orc priest hits you but does no damage.
You thump the orc priest!
You bite the orc priest, but do no damage.
The orc priest is almost dead.
The orc priest miscasts a cantrip.
You bump into the rock wall.
You feel less confused. The orc priest misses you.
You barely miss the orc priest.
The orc priest is almost dead.
The orc priest hits you with a +0 dagger.
You hit the orc priest but do no damage.
The orc priest is almost dead.
The orc priest calls upon Beogh to heal the orc.
The orc's wounds heal themselves!
You barely miss the orc priest.
The orc priest is almost dead.
The orc priest closely misses you.
The orc priest hits you with a +0 dagger.
You barely miss the orc priest. You bite the orc priest.
The orc priest is almost dead.
The orc priest mumbles some strange prayers to Beogh against you.
Beogh smites you!
* * * LOW HITPOINT WARNING * * *
You hit the orc priest.
You kill the orc priest!
You have reached level 5!
Unknown command.
You barely miss the orc. The orc hits you with a +0 dagger.
You die...

##### .....#######
...........#########
#.##........).o@...#
#........#.#######.#
..##.###.#.# #∆
#.#o#
#.##.###...#####
................
.....##...###### ..#
#.#.# #.#.#


You could see an orc.

Vanquished Creatures
  2 orc priests (D:3)
  2 dart slugs (D:2)
  4 orcs (D:3)
  3 endoplasms (D:1)
  3 giant cockroaches
  8 goblins
  4 hobgoblins
  3 jackals (D:2)
  2 quokkas (D:1)
  7 ball pythons
  5 bats
  A frilled lizard (D:1)
  2 kobolds (D:2)
  4 rats
50 creatures vanquished.

Vanquished Creatures (others)
  An orc wizard (D:3)
  83 foxfires
84 creatures vanquished.

Grand Total: 134 creatures vanquished

Notes
Turn   | Place    | Note
-------+----------+-------------------------------------------
     0 | D:1      | Reached skill level 9 in Spellcasting
     0 | D:1      | issech the Gnoll Wanderer began the quest for the Orb.
     0 | D:1      | issech set off with the following items: a +0 quarterstaff,
                  | a +0 pair of boots, a +0 robe; and the following spell
                  | memorised: Foxfire; and the following spells available to
                  | memorise: Blink, Gell's Gravitas, Lesser Beckoning
     0 | D:1      | Reached XP level 1. HP: 13/13 MP: 10/10
   147 | D:1      | Found a faded altar of an unknown god.
   242 | D:1      | Reached XP level 2. HP: 19/19 MP: 9/12
   940 | D:2      | Reached XP level 3. HP: 25/25 MP: 11/13
  1775 | D:2      | Reached skill level 1 in Invocations
  2001 | D:2      | Learned a level 2 spell: Blink
  2003 | D:2      | Learned a level 1 spell: Shock
  2045 | D:3      | Reached skill level 1 in Fighting
  2045 | D:3      | Reached skill level 1 in Short Blades
  2045 | D:3      | Reached skill level 1 in Long Blades
  2045 | D:3      | Reached skill level 1 in Axes
  2045 | D:3      | Reached skill level 1 in Maces & Flails
  2045 | D:3      | Reached skill level 1 in Polearms
  2045 | D:3      | Reached skill level 1 in Slings
  2045 | D:3      | Reached skill level 1 in Bows
  2045 | D:3      | Reached skill level 1 in Crossbows
  2045 | D:3      | Reached skill level 1 in Throwing
  2045 | D:3      | Reached skill level 1 in Armour
  2045 | D:3      | Reached skill level 1 in Stealth
  2045 | D:3      | Reached skill level 1 in Shields
  2045 | D:3      | Reached skill level 1 in Unarmed Combat
  2045 | D:3      | Reached skill level 1 in Evocations
  2085 | D:3      | Reached XP level 4. HP: 29/32 MP: 5/15
  2095 | D:3      | Reached skill level 1 in Conjurations
  2095 | D:3      | Reached skill level 1 in Hexes
  2095 | D:3      | Reached skill level 1 in Summonings
  2095 | D:3      | Reached skill level 1 in Necromancy
  2095 | D:3      | Reached skill level 1 in Translocations
  2095 | D:3      | Reached skill level 1 in Transmutations
  2095 | D:3      | Reached skill level 1 in Fire Magic
  2095 | D:3      | Reached skill level 1 in Ice Magic
  2095 | D:3      | Reached skill level 1 in Air Magic
  2095 | D:3      | Reached skill level 1 in Earth Magic
  2095 | D:3      | Reached skill level 1 in Poison Magic
  2101 | D:3      | HP: 1/32 [orc priest/divine providence (15)]
  2103 | D:3      | Reached XP level 5. HP: 2/37 MP: 1/16
  2103 | D:3      | Slain by an orc

Illustrated notes

Levels and vault maps discovered:
D:1:      psy_arrival_dodecagon, layout_loops_ring,
          hellmonk_ecumenical_altar_run_dry, minmay_tetromino_s2
D:2:      layout_basic, minmay_misc_feat_secret_circle
D:3:      layout_loops_ring, mainiacjoe_overflow_24_doors, serial_shops, shop,
          uniq_crazy_yiuf_cottage

Skill      XL: |  1  2  3  4 |
---------------+-------------+-----
Spellcasting   | |  9.4
Invocations    | 1 |  1.5
Fighting       | 1 |  1.4
Short Blades   | 1 |  1.4
Long Blades    | 1 |  1.4
Axes           | 1 |  1.4
Maces & Flails | 1 |  1.4
Polearms       | 1 |  1.4
Slings         | 1 |  1.4
Bows           | 1 |  1.4
Crossbows      | 1 |  1.4
Throwing       | 1 |  1.4
Armour         | 1 |  1.4
Stealth        | 1 |  1.4
Shields        | 1 |  1.4
Unarmed Combat | 1 |  1.4
Evocations     | 1 |  1.4
Conjurations   | 1 |  1.1
Hexes          | 1 |  1.1
Summonings     | 1 |  1.1
Necromancy     | 1 |  1.1
Translocations | 1 |  1.1
Transmutations | 1 |  1.1
Fire Magic     | 1 |  1.1
Ice Magic      | 1 |  1.1
Air Magic      | 1 |  1.1
Earth Magic    | 1 |  1.1
Poison Magic   | 1 |  1.1
Staves         | |  2.9
Dodging        | |  8.6

Action                   |  1- 3 |  4- 6 || total
-------------------------+-------+-------++-------
Melee: Quarterstaff      |    68 |     9 ||    77
       Bite              |     7 |     2 ||     9
 Cast: Foxfire           |    63 |       ||    63
       Shock             |       |     5 ||     5
Armor: Robe              |    17 |     1 ||    18
Dodge: Dodged            |    86 |     4 ||    90
